 Dungeon Crawl Stone Soup version 0.30.0-5-g1a98f26d00 (webtiles) character file.

Game seed: 11406513783691622688

47 SeerSkye the Trooper (level 3, -7/33 HPs)
             Began as a Minotaur Fighter on May 10, 2023.
             Killed by divine providence
             ... invoked by an orc priest
              (14 damage)
             ... on level 3 of the Dungeon.
             The game lasted 00:01:06 (1133 turns).

SeerSkye the Trooper (Minotaur Fighter)             Turns: 1133, Time: 00:01:06

Health: -7/33      AC:  6    Str: 22    XL:     3   Next: 48%
Magic:  2/2        EV:  9    Int:  5    God:
Gold:   95         SH:  4    Dex:  9    Spells: 2/2 levels left

rFire   + . .        a - +0 war axe
rCold   . . .        c - +0 buckler
rNeg    . . .        b - +0 scale mail
rPois   .            (helmet restricted)
rElec   .            (no cloak)
rCorr   .            (no gloves)
SInv    .            (no boots)
Will    .....        (no amulet) Stlth
                     f - ring of protection from fire
HPRegen 0.25/turn    (no ring)
MPRegen 0.08/turn

%: no passive effects
@: no status effects
A: horns 2, retaliatory headbutt
a: no special abilities


You were on level 3 of the Dungeon.
You visited 1 branch of the dungeon, and saw 3 of its levels.

You collected 95 gold pieces.

Inventory:

Hand Weapons
 a - a +0 war axe (weapon)
Armour
 b - a +0 scale mail (worn)
 c - a +0 buckler (worn)
Jewellery
 e - a ring of fire
 f - a ring of protection from fire (left hand)
Wands
 h - a wand of paralysis (4)
Scrolls
 g - a scroll of acquirement {unknown}
Potions
 d - a potion of might


   Skills:
 + Level 4.3 Fighting
 * Level 4.2 Axes
 - Level 3.6 Armour
 - Level 3.6 Shields


You had 2 spell levels left.
You didn't know any spells.
Your spell library was empty.

Dungeon Overview and Level Annotations

Branches:
Dungeon (2/15) Zot: 16834

Altars:


Innate Abilities, Weirdness & Mutations

You have a pair of horns on your head.
You reflexively headbutt those who attack you in melee.


Message History

An orc comes into view. It is wielding a +0 mace.
The orc moves out of view. x2
An orc is nearby!
An orc priest comes into view. It is wielding a +0 trident.
Found a stone staircase leading down.
The orc hits you with a +0 trident. The orc priest completely misses you.
Things that are here:
3 stones; 11 gold pieces You hit the orc.
The orc is almost dead.
The orc priest looks encouraged for a moment.
You slash the orc!
You kill the orc!
You hit the orc but do no damage. You block the orc priest's attack.
The orc hits you with a +0 mace. You block the orc's attack.
The orc hits you with a +0 mace. The orc priest barely misses you.
You closely miss the orc. You hit the orc. The orc hits you with a +0 dagger.
The orc priest calls down the wrath of Beogh upon you.
Beogh smites you!
* * * LOW HITPOINT WARNING * * *
You are too injured to fight recklessly!
You are too injured to fight recklessly!
You are too injured to fight recklessly!
You barely miss the orc.
The orc is heavily wounded.
You hit the orc. The orc hits you but does no damage.
The orc hits you with a +0 mace.
* * * LOW HITPOINT WARNING * * *
An orc comes into view. It is wielding a +0 club.
The orc priest barely misses you.
You hit the orc but do no damage.
The orc is heavily wounded.
You slash the orc!
You kill the orc!
The orc priest calls upon Beogh to heal the orc.
The orc's wounds heal themselves!
The orc hits you with a +0 mace.
* * * LOW HITPOINT WARNING * * *
The orc priest invokes the aid of Beogh against you.
Beogh smites you!
You die...

#.##.### #.##...#
#.####.# #.# #.#
####.####.#
#######.......... #
...........##.###
#.o#########.#####.#
#...)@## ###.#####.#
#...o#.###.......รท.#
.>..#o###....#.#####.#
###... #.#####.# #.#
... #.## #.# #.###
###. #. #.# #.... # #.
#.#####.### ..
#.......... #.
#######.###


You could see an orc priest and 2 orcs.

Vanquished Creatures
  A dart slug (D:1)
  2 orcs (D:3)
  3 ball pythons
  5 bats (D:1)
  6 endoplasms
  A giant cockroach (D:1)
  A goblin (D:1)
  A hobgoblin (D:1)
  6 jackals
  2 quokkas
  4 frilled lizards
  3 kobolds
  5 rats (D:1)
40 creatures vanquished.

Notes
Turn   | Place    | Note
-------+----------+-------------------------------------------
     0 | D:1      | SeerSkye the Minotaur Fighter began the quest for the Orb.
     0 | D:1      | Reached XP level 1. HP: 19/19 MP: 0/0
   129 | D:1      | Reached XP level 2. HP: 27/27 MP: 1/1
   498 | D:1      | Reached XP level 3. HP: 29/33 MP: 2/2
   854 | D:2      | You fall into a shaft and drop 1 floor!
  1133 | D:3      | Killed from afar by an orc priest

Illustrated notes

Levels and vault maps discovered:
D:1:      scummos_arrival_star, layout_basic
D:2:      layout_loops_ring
D:3:      layout_loops_ring, shapermc_ecumenical_altar_acropolis

Skill      XL: |  1  2  3 |
---------------+----------+-----
Axes           | 3 4 |  4.2
Fighting       | 4 |  4.3
Armour         | |  3.6
Shields        | |  3.6

Action                     || total
---------------------------++-------
  Melee: War axe           ||    90
         Headbutt          ||    10
 Armour: Scale mail        ||    30
  Dodge: Dodged            ||    42
  Block: Buckler           ||    33
